 Dungeon Crawl Stone Soup version 0.23.1 (webtiles) character file.

Game seed: 0

22 smallpebble the Skirmisher (level 2, -5/21 (26) HPs)
             Began as a Ghoul Fighter on Mar 19, 2019.
             Killed by divine providence
             ... invoked by an orc priest
              (13 damage)
             ... on level 2 of the Dungeon.
             The game lasted 00:25:22 (1576 turns).

smallpebble the Skirmisher (Ghoul Fighter)          Turns: 1576, Time: 00:25:23

HP:   -5/21 (26)    AC: 11    Str: 19    XL:     2   Next: 91%
MP:   1/1           EV:  3    Int:  3    God:
Gold: 95            SH:  8    Dex:  8    Spells: 1/1 levels left

rFire    . . .     SeeInvis .   l - +0 club
rCold    + . .     Gourm    .   c - +0 shield
rNeg     + + +     Faith    .   t - +0 plate armour
rPois    ∞         Spirit   .   (no helmet)
rElec    .         Reflect  .   (no cloak)
rCorr    .         Harm     .   (no gloves)
MR       .....                  (no boots)
Stlth    ..........             (no amulet)
HPRegen  0.00/turn              (no ring)
MPRegen  0.07/turn              (no ring)

@: rotting
A: rotting body, claws 1, carnivore, cold resistance 1, negative energy
resistance 3, inhibited regeneration, torment resistance, unbreathing
a: no special abilities


You were on level 2 of the Dungeon.
You were very hungry.

You visited 1 branch of the dungeon, and saw 2 of its levels.

You collected 95 gold pieces.

Inventory:

Hand Weapons
 a - a +0 flail
 l - a +0 club (weapon)
 n - a -3 whip
 r - a +0 hand axe
 s - a +0 whip
 u - a +0 club
 v - a +0 dagger
Missiles
 g - 2 throwing nets (quivered)
 h - 18 bolts
 p - 59 stones
Armour
 b - a +0 scale mail
 c - a +0 shield (worn)
 i - a +0 ring mail
 k - a +0 leather armour
 o - a +0 scale mail
 t - a +0 plate armour (worn)
Scrolls
 e - 3 scrolls of identify
 j - 2 scrolls of remove curse
 q - a scroll of fear {unknown}
Potions
 d - 2 potions of might
 m - a potion of curing {unknown}
Comestibles
 f - a ration


   Skills:
 + Level 3.4 Fighting
 + Level 2.2 Maces & Flails
 + Level 2.9 Armour
 + Level 0.2 Dodging
 + Level 2.9 Shields


You had one spell level left.
You didn't know any spells.
Your spell library was empty.

Dungeon Overview and Level Annotations

Branches:
Dungeon (2/15)

Altars:


Innate Abilities, Weirdness & Mutations

Your body is rotting away.
You thrive on raw meat.
You are immune to poison.
You have sharp fingernails.
You are carnivorous and can eat meat at any time.
Your flesh is cold resistant. (rC+)
You are immune to negative energy. (rN+++)
You do not regenerate when monsters are visible.
You are immune to unholy pain and torment.
You can survive without breathing.


Message History

Your shield and plate armour prevent you from hitting something.
Something hits you but does no damage.
You miss something. Something hits you but does no damage.
You miss something.
You hear some strange, mumbled words.
A puff of flame appears from out of thin air!
The puff of flame hits you but does no damage.
Something hits you but does no damage.
You closely miss something. Something hits you but does no damage.
You miss something. Something hits you but does no damage.
You hit something.
The orc priest casts a cantrip, but nothing happens.
Something hits you but does no damage. You block something's attack.
You barely miss something. Something hits you but does no damage.
You closely miss something. Something hits you but does no damage.
You closely miss something.
The orc priest invokes the aid of Beogh against you.
Beogh smites you!
Ouch! That really hurt!
You die...

# .# ## #.# #.#
#.. #.#.# #@#
#{# #o# #o#
##.#o#########)#
....o..ooo.r...#
##.#.###########


You could see an orc priest and an orc.

Vanquished Creatures
  2 orcs (D:2)
  A ball python (D:1)
  2 giant cockroaches (D:1)
  A hobgoblin (D:1)
  3 bats (D:1)
  A frilled lizard (D:1)
  2 goblins (D:1)
  4 kobolds (D:1)
  3 rats
19 creatures vanquished.

Notes
Turn   | Place    | Note
-------+----------+-------------------------------------------
     0 | D:1      | smallpebble the Ghoul Fighter began the quest for the Orb.
     0 | D:1      | Reached XP level 1. HP: 19/19 MP: 0/0
   177 | D:1      | ME
   504 | D:1      | Reached XP level 2. HP: 6/23 MP: 1/1
  1576 | D:2      | Killed from afar by an orc priest

Skill      XL: |  1 |
---------------+----+-----
Maces & Flails | 2 |  2.2
Fighting       | |  3.4
Armour         | |  2.9
Dodging        | |  0.2
Shields        | |  2.9

Action                   || total
-------------------------++-------
Melee: Flail             ||    54
       Club              ||    50
Throw: Stone             ||     1
  Use: Scroll            ||     2
  Eat: Chunk             ||     1
Armor: Leather armour    ||    28
       Plate armour      ||    46
Dodge: Dodged            ||    31
Block: Shield            ||    43
